 Dungeon Crawl Stone Soup version 0.19.4-9-g45fd643 (webtiles) character file.

11223 galech the Grappler (level 11, -2/113 HPs)
             Began as a Troll Monk on Feb 17, 2017.
             Was a High Priest of Okawaru.
             Killed by divine providence
             ... invoked by an orc priest
              (9 damage)
             ... on level 9 of the Dungeon.
             The game lasted 00:33:17 (9544 turns).

galech the Grappler (Troll Monk)                    Turns: 9544, Time: 00:33:17

Health: -2/113     AC: 10    Str: 23 (24) XL:     11   Next: 46%
Magic:  12/12      EV: 14    Int:  8      God:    Okawaru [*****.]
Gold:   469        SH:  0    Dex: 12      Spells: 0 memorised, 10 levels left

rFire  + . .     SeeInvis .       - Unarmed
rCold  . . .     Gourm    +     s - +2 robe {MR+}
rNeg   + . .     Faith    .     (no shield)
rPois  .         Spirit   .     (helmet restricted)
rElec  .         Reflect  .     P - +0 cloak (curse)
rCorr  .         Harm     .     (gloves unavailable)
MR     +....                    (boots unavailable)
Stlth  ++........               (no amulet)
                                n - ring of protection from fire
                                u - ring of positive energy

@: no status effects
A: unfitting armour, claws 3, icy blue scales 1, clever 1, deterioration 1, fast
metabolism 3, gourmand, regeneration 1, shaggy fur 1, tough skin 2, MP-powered
wands
a: Heroism, Finesse, Renounce Religion


You were on level 9 of the Dungeon.
You worshipped Okawaru.
Okawaru was extremely pleased with you.
You were completely stuffed.

You visited 3 branches of the dungeon, and saw 12 of its levels.
You also visited: Ossuary.

You collected 469 gold pieces.

Inventory:

Armour
 a - a +0 robe
 s - a +2 robe of magic resistance (worn)
 P - a cursed +0 cloak (worn)
Jewellery
 f - an uncursed ring of magical power
 n - a ring of protection from fire (right claw)
 q - an uncursed ring of protection from fire
 u - a ring of positive energy (left claw)
 C - an uncursed ring of see invisible
 F - a +3 ring of intelligence
Wands
 w - a wand of paralysis (15/24)
Scrolls
 d - 7 scrolls of remove curse
 e - 6 scrolls of blinking
 g - a scroll of silence {unknown}
 h - 4 scrolls of fog
 r - 2 scrolls of enchant armour
 x - 2 scrolls of enchant weapon
 D - a scroll of recharging
 E - 4 scrolls of teleportation
 G - a scroll of noise
 M - a scroll of magic mapping
 Q - a scroll of immolation
 T - 4 scrolls of fear
 X - 3 scrolls of amnesia {unknown}
Potions
 c - 7 potions of lignification {unknown}
 j - 4 potions of brilliance {unknown}
 k - 6 potions of curing {unknown}
 l - 5 potions of heal wounds {unknown}
 m - a potion of magic {unknown}
 o - 2 potions of agility {unknown}
 v - 2 potions of beneficial mutation {unknown}
 z - 2 potions of cancellation {unknown}
 A - a potion of berserk rage {unknown}
 B - a potion of cure mutation {unknown}
 I - a potion of degeneration {unknown}
 J - a potion of haste {unknown}
 K - a potion of flight {unknown}
 U - a potion of invisibility {unknown}
Comestibles
 b - 6 bread rations
 i - 6 meat rations
 p - 11 fruits
 t - 4 beef jerkies
 N - 7 slices of pizza
 Z - 16 chunks of flesh


   Skills:
 + Level 8.7 Fighting
 + Level 9.1 Dodging
 - Level 1.5 Stealth
 + Level 11.1 Unarmed Combat
 + Level 3.0 Invocations


You had 10 spell levels left.
You didn't know any spells.

Dungeon Overview and Level Annotations

Branches:
Dungeon (10/15)            Temple (1/1) D:6            Lair (1/6) D:9
    Orc: D:9-12

Altars:
Ashenzari
Cheibriados
Dithmenos
Elyvilon
Fedhas
Gozag
Hepliaklqana
Kikubaaqudgha
Makhleb
Nemelex Xobeh
Okawaru
Qazlal
Ru
Sif Muna
Trog
Uskayaw
Vehumet
Xom
Yredelemnul
Zin
The Shining One

Shops:
D:7 (

Annotations:
D:10 Nergalle


Innate Abilities, Weirdness & Mutations

You are too large for most types of armour.
You have claws for hands.
Your metabolism is lightning-fast.
You like to eat raw meat.
Your natural rate of healing is unusually fast.
You are covered in fur. (AC +1)
You have very tough skin. (AC +2)
You are partially covered in icy blue scales. (AC +2)
Your mind is acute. (Int +2)
Your body sometimes deteriorates upon taking damage.
You expend magic power (3 MP) to strengthen your wands.


Message History

The yak gores you!
* * * LOW HITPOINT WARNING * * *
The yak gores you!
* * * LOW HITPOINT WARNING * * *
The yak completely misses the bush.
The yak closely misses you.
The yak gores the plant but does no damage.
The yak gores the bush.
The yak gores the plant but does no damage.
An orc comes into view. It is wielding a flail.
The yak gores the bush!
The yak gores you!
* * * LOW HITPOINT WARNING * * *
An orc and an orc priest come into view.
The orc is wielding a short sword of venom.
The orc shouts!
The yak closely misses you.
The orc shouts!
The orc priest shouts!
You hear a shout! x2
The orc priest mumbles some strange prayers to Beogh against you.
Beogh smites you!
You die...

#.P..............# ##.#..
#..........P.....# ###..
##.....♣.>.♣......# ##.#..
#...♣P.....PP....## #.....
####....P..♣PY♣.....# ##....
##.#..#..♣..♣.......## #....
#....##......YY....P# ##...
##....###...♣..PYP..## ##...
###......###.♣..@...P## ####....
#.#.......####.....#######.#.....
.........##.###÷##o####.#........
#.......##...##.....##.....#..[..
#..#.....#...##).....#....##.....
...............[.[.o.............
#................................
##...............................
##...............................


You could see 4 yaks, an orc priest and an orc.

Vanquished Creatures
  3 spiny frogs (Lair:1)
  Grinder (D:5)
  2 hippogriffs
  18 yaks
  2 wyverns
  4 hogs
  A human (D:7)
  Edmund (D:4)
  Menkaure (D:7)
  A water moccasin (Lair:1)
  9 porcupines
  2 orc warriors
  2 ice beasts (D:8)
  A black bear (D:6)
  A phantom (D:7)
  3 sky beasts
  4 ogres
  3 centaurs
  4 crocodiles
  2 big kobolds (D:7)
  4 bullfrogs
  3 scorpions
  7 wights
  A howler monkey (D:5)
  2 electric eels (D:8)
  6 crimson imps
  3 bullfrog zombies (Ossuary)
  4 centaur zombies
  A jelly (D:8)
  2 quasits
  A centaur skeleton (D:7)
  4 hounds
  5 bullfrog skeletons
  3 orc priests
  Crazy Yiuf (D:7)
  5 orc wizards
  Natasha (twice) (D:3)
  3 iguanas
  8 worker ants
  3 killer bee zombies
  3 hound zombies (Ossuary)
  A hound skeleton (D:7)
  12 mummies
  4 howler monkey zombies (Ossuary)
  3 worker ant zombies
  4 gnolls (D:3)
  A howler monkey skeleton (D:4)
  6 adders
  4 river rats
  5 oozes
  5 adder zombies
  4 adder skeletons
  8 worms
  A dart slug (D:3)
  5 leopard geckos
  32 orcs
  5 giant cockroaches
  10 goblins
  6 hobgoblins
  11 jackals
  4 quokkas
  3 ball pythons (D:3)
  4 bats
  4 frilled lizards
  A giant cockroach zombie (Ossuary)
  A hobgoblin zombie (D:7)
  A jackal skeleton (D:4)
  A jackal zombie (Ossuary)
  14 kobolds
  A kobold zombie (D:7)
  A quokka zombie (D:8)
  13 rats
  A fungus (D:7)
312 creatures vanquished.

Vanquished Creatures (others)
  A fungus (Lair:1)
  A withered plant (Ossuary)
2 creatures vanquished.

Grand Total: 314 creatures vanquished

Notes
Turn   | Place    | Note
-------+----------+-------------------------------------------
     0 | D:1      | galech the Troll Monk began the quest for the Orb.
     0 | D:1      | Reached XP level 1. HP: 22/22 MP: 0/0
   307 | D:1      | Reached XP level 2. HP: 29/29 MP: 1/1
   803 | D:2      | Reached XP level 3. HP: 36/36 MP: 2/2
  1327 | D:3      | Reached skill level 4 in Unarmed Combat
  1354 | D:3      | Reached XP level 4. HP: 32/44 MP: 3/3
  1578 | D:3      | Found a shadowy altar of Dithmenos.
  1584 | D:3      | Reached XP level 5. HP: 46/50 MP: 4/4
  1661 | D:3      | Noticed Natasha
  1669 | D:3      | Killed Natasha
  1689 | D:3      | Reached skill level 5 in Unarmed Combat
  1696 | D:3      | Found a faded altar of an unknown god.
  2157 | D:3      | Noticed Natasha
  2160 | D:3      | Killed Natasha
  2320 | D:3      | Reached XP level 6. HP: 34/61 MP: 5/5
  2685 | D:4      | Noticed Edmund
  2817 | D:4      | Killed Edmund
  2817 | D:4      | Reached XP level 7. HP: 51/68 MP: 6/6
  2892 | D:4      | Reached skill level 6 in Unarmed Combat
  3234 | D:5      | Entered Level 5 of the Dungeon
  3405 | D:5      | Reached XP level 8. HP: 76/79 MP: 7/7
  3421 | D:5      | Noticed Grinder
  3429 | D:5      | Killed Grinder
  3429 | D:5      | Reached skill level 5 in Dodging
  3429 | D:5      | Reached skill level 7 in Unarmed Combat
  3670 | D:5      | Found a stormy altar of Qazlal.
  3677 | D:5      | Found a shimmering altar of Xom.
  3852 | D:6      | Reached skill level 5 in Fighting
  4432 | D:6      | Reached XP level 9. HP: 82/88 MP: 8/8
  4501 | D:6      | Found a staircase to the Ecumenical Temple.
  4506 | D:6      | Reached skill level 8 in Unarmed Combat
  4516 | Temple   | Entered the Ecumenical Temple
  4623 | Temple   | Became a worshipper of Warmaster Okawaru
  4623 | Temple   | Reached * piety under Okawaru
  4623 | Temple   | Reached ** piety under Okawaru
  4871 | D:7      | Got a pitted mace
  4922 | D:7      | Found Gohurys's Weapon Shoppe.
  4924 | D:7      | Found a sand-covered staircase.
  4931 | Ossuary  | Entered an ossuary
  5348 | D:7      | Reached *** piety under Okawaru
  5348 | D:7      | Reached skill level 9 in Unarmed Combat
  5359 | D:7      | Noticed Menkaure
  5371 | D:7      | Gained mutation: Your body sometimes deteriorates upon taking damage. [mutagenic meat]
  5372 | D:7      | Gained mutation: You are partially covered in icy blue scales. (AC +2) [mutagenic meat]
  5373 | D:7      | Gained mutation: Your mind is acute. (Int +2) [mutagenic meat]
  5464 | D:7      | Killed Menkaure
  5857 | D:7      | Found a glowing silver altar of Zin.
  5937 | D:7      | Found a burning altar of Makhleb.
  5937 | D:7      | Found a faded altar of an unknown god.
  5942 | D:7      | Found a shattered altar of Ashenzari.
  5944 | D:7      | Found a faded altar of an unknown god.
  5945 | D:7      | Found a faded altar of an unknown god.
  6024 | D:7      | Reached XP level 10. HP: 92/100 MP: 9/9
  6189 | D:7      | Reached **** piety under Okawaru
  6193 | D:7      | You fall through a shaft for 2 floors!
  6657 | D:7      | Found a runed door.
  6661 | D:7      | Noticed Crazy Yiuf
  6663 | D:7      | Killed Crazy Yiuf
  7178 | D:8      | Reached skill level 10 in Unarmed Combat
  7557 | D:9      | Got a dazzling dagger
  7558 | D:9      | Identified the +2 dagger of Huss {speed, +Blink +Inv rF++} (You found it on level 9 of the Dungeon)
  7559 | D:9      | Identified the +8 mace of the Wolf {holy, *Contam rPois rN+ MR++ Dex+4} (You found it on level 7 of the Dungeon)
  7588 | D:9      | Noticed a moth of wrath
  7591 | D:9      | Found a bloodstained altar of Trog.
  7599 | D:9      | Gained mutation: You expend magic power (3 MP) to strengthen your wands. [mutagenic glow]
  7785 | D:9      | Reached ***** piety under Okawaru
  8234 | D:9      | Reached XP level 11. HP: 67/111 MP: 10/10
  8362 | D:9      | Found a staircase to the Lair.
  8464 | D:9      | Reached skill level 1 in Invocations
  8503 | D:10     | Entered Level 10 of the Dungeon
  8503 | D:10     | Noticed Nergalle
  8685 | Lair:1   | Entered Level 1 of the Lair of Beasts
  8741 | Lair:1   | Received a gift from Okawaru
  9031 | Lair:1   | Noticed a seven-headed hydra
  9300 | Lair:1   | Reached skill level 11 in Unarmed Combat
  9541 | D:9      | HP: 5/113 [yak (10)]
  9544 | D:9      | Killed from afar by an orc priest

Skill      XL: |  1  2  3  4  5  6  7  8  9 10 11 |
---------------+----------------------------------+-----
Unarmed Combat | 4 5 6 7 9 10 11 | 11.1
Dodging        | 3 4 6 7 8 9 |  9.1
Fighting       | 3 4 5 6 8 |  8.7
Invocations    | 3 |  3.0
Stealth        | |  1.5

Action                   |  1- 3 |  4- 6 |  7- 9 | 10-12 || total
-------------------------+-------+-------+-------+-------++-------
Melee: Unarmed           |   101 |   160 |   395 |   316 ||   972
       Punch             |     1 |     4 |     8 |    20 ||    33
Invok: Heroism           |       |       |     1 |     2 ||     3
  Use: Scroll            |       |       |     9 |     4 ||    13
 Stab: Sleeping          |     5 |     4 |     5 |     2 ||    16
       Distracted        |       |       |     2 |       ||     2
  Eat: Chunk             |    18 |    13 |    28 |    39 ||    98
Armor: Robe              |    18 |    41 |    84 |    68 ||   211
Dodge: Dodged            |    50 |    80 |   210 |   230 ||   570
